 Dungeon Crawl Stone Soup version 0.22-a0-307-g2b15929 (webtiles) character file.

14345 erloom the Thaumaturge (level 11, -8/74 HPs)
             Began as a Demonspawn Fire Elementalist on Apr 1, 2018.
             Was a Believer of Vehumet.
             Mangled by a spriggan rider
             ... wielding a +0 spear
              (23 damage)
             ... on level 3 of the Lair of Beasts.
             The game lasted 01:16:25 (14074 turns).

erloom the Thaumaturge (DsFE)                      Turns: 14074, Time: 01:16:25

Health: -8/74      AC: 16    Str: 15    XL:     11   Next: 87%
Magic:  8/25       EV: 16    Int: 23    God:    Vehumet [**....]
Gold:   777        SH:  0    Dex: 13    Spells: 16/31 levels left

rFire    . . .     SeeInvis .   a - staff of conjuration
rCold    . . .     Gourm    .   (no shield)
rNeg     . . .     Faith    .   s - +0 robe of Gravity {+Blink MR++ Regen+ Str+4} (curse)
rPois    .         Spirit   .   f - +2 helmet
rElec    .         Reflect  .   (no cloak)
rCorr    .         Harm     .   O - +1 pair of gloves {Str+3}
MR       ++...                  v - +0 pair of boots
Stlth    ++++......             (no amulet)
HPRegen  0.62/turn              n - +6 ring of protection
MPRegen  0.19/turn              B - +2 ring of intelligence

@: no status effects
A: talons 1, rugged brown scales 2, demonic guardian 1, nightstalker 2
a: Renounce Religion, Evoke Blink


You were on level 3 of the Lair of Beasts.
You worshipped Vehumet.
Vehumet was pleased with you.
You were not hungry.

You visited 3 branches of the dungeon, and saw 13 of its levels.
You also visited: Ossuary.

You collected 777 gold pieces.

Inventory:

Hand Weapons
 b - a +5 long sword of protection
 p - a +0 mace
 y - a +4 scimitar of flaming
 G - a +3 falchion
Missiles
 g - 2 tomahawks (quivered)
 H - a throwing net
Armour
 f - a +2 helmet (worn)
 k - a +0 buckler
 s - the cursed +0 robe of Gravity (worn) {+Blink MR++ Regen+ Str+4}
   (You found it on level 1 of the Lair of Beasts)

   It affects your strength (+4).
   It affects your resistance to hostile enchantments.
   It lets you blink.
   It increases your rate of regeneration.
   It has a curse placed upon it.
 v - a +0 pair of boots (worn)
 E - a +2 robe of resistance
 O - a +1 pair of gloves of strength (worn)
Magical Staves
 a - an uncursed staff of conjuration (weapon)
Jewellery
 n - a +6 ring of protection (left hand)
 q - an uncursed ring of ice
 r - an uncursed ring of flight
 B - a +2 ring of intelligence (right hand)
 M - an uncursed amulet of guardian spirit
 N - an uncursed ring of resist corrosion
Scrolls
 h - 6 scrolls of remove curse
 i - 2 scrolls of amnesia
 l - 3 scrolls of teleportation
 o - a scroll of immolation
 u - a scroll of fog
Potions
 d - 2 potions of curing
 e - 2 potions of mutation
 j - 4 potions of invisibility
 m - a potion of ambrosia
 t - a potion of cancellation
 w - a potion of agility
 z - a potion of flight
 A - a potion of haste
 D - a potion of heal wounds {unknown}
 J - 3 potions of brilliance
 L - a potion of might
Comestibles
 c - 23 rations
 x - 6 chunks of flesh


   Skills:
 - Level 1.4 Fighting
 - Level 3.0 Long Blades
 + Level 7.0 Dodging
 - Level 1.7 Stealth
 - Level 10.6 Spellcasting
 - Level 9.0 Conjurations
 - Level 9.1 Fire Magic
 - Level 3.2 Evocations


You had 16 spell levels left.
You knew the following spells:

 Your Spells              Type           Power        Failure   Level  Hunger
a - Flame Tongue          Conj/Fire      #####        1%          1    None
b - Throw Flame           Conj/Fire      ######       1%          2    None
c - Conjure Flame         Conj/Fire      ######..     1%          3    None
d - Sticky Flame          Conj/Fire      ######..     1%          4    #......
e - Fireball              Conj/Fire      ######....   3%          5    ####...


Dungeon Overview and Level Annotations

Branches:
Dungeon (9/15)             Temple (1/1) D:7            Lair (3/6) D:8
  Swamp (0/4) Lair:2        Snake (0/4) Lair:2
    Orc: D:9-12

Altars:
Ashenzari
Cheibriados
Dithmenos
Elyvilon
Fedhas
Gozag
Hepliaklqana
Makhleb
Nemelex Xobeh
Qazlal
Ru
Sif Muna
Trog
Vehumet
Wu Jian
Xom
Yredelemnul
Zin

Shops:
D:5 [

Annotations:
D:5 Edmund


Innate Abilities, Weirdness & Mutations

You have sharp toenails.
You are mostly covered in rugged brown scales. (AC +2, +5% HP)
A weak demonic guardian rushes to your aid.
You are significantly more attuned to the shadows.


Message History

Confirm with . or Enter, or press ? or * to list all spells.
Aiming: Flame Tongue (safe; 1% risk of failure)
Press: ? - help, Shift-Dir - straight line, f/p - spriggan rider
Aim: a spriggan rider, wielding a spear and wearing the +27 Lear's hauberk (flame, moderately wounded)
You feel a surge of power!
The flame tongue hits the spriggan rider.
The spriggan rider appears unharmed.
The spriggan rider is moderately wounded.
The spriggan rider is engulfed in blazing flames.
The spriggan rider hits you with a spear!!
* * * LOW HITPOINT WARNING * * *
Okay, then.
Okay, then.
Evoke which item? (* to show all) (? for menu, Esc to quit)
Aiming: Cloud Cone
Press: ? - help, Dir - move target cursor, f/p - spriggan rider
Aim: a spriggan rider, wielding a spear and wearing the +27 Lear's hauberk (flame, heavily wounded)
You create a blast of freezing vapour!
The now-empty wand crumbles to dust.
The spriggan rider hits you with a spear!!
You die...

#....#....#P. #..###.P.###
#..#.......#
#...#......#...#
#..##§§§§§.#...#
#.)P#.§§§..##..#
#...##§§§.###..#
##...P##iP###...##
#########.......@5.......#
........................##
..).............(.......#
.##.####...###..#.###.P.#
##### ##### ###### #####


You could see a spriggan rider and a friendly iron imp.

Vanquished Creatures
  2 hydras
  Erica (Lair:2)
  5 death yaks
  A black mamba (Lair:3)
  7 spiny frogs
  4 komodo dragons
  4 hippogriffs
  2 blink frogs (Lair:1)
  A wyvern (D:8)
  2 spriggans (Lair:3)
  4 yaks (Lair:2)
  2 water moccasins
  A porcupine (Lair:2)
  An ice beast (D:9)
  3 ogres
  4 crocodiles
  2 big kobolds
  3 elf zombies (Ossuary)
  Blork the orc (D:6)
  6 bullfrogs
  4 killer bees (D:8)
  3 scorpions (D:8)
  11 wights
  2 crimson imps
  4 hounds
  2 centaur skeletons (D:8)
  A human zombie (Ossuary)
  2 orc priests
  6 orc wizards (D:8)
  An iguana (D:6)
  5 worker ants
  A big kobold zombie (Ossuary)
  3 mummies (Ossuary)
  2 hound zombies (Ossuary)
  2 worker ant zombies
  5 adders
  2 river rats (D:8)
  3 shadow imps (D:8)
  3 oozes
  5 adder zombies (Ossuary)
  5 worms
  A dart slug (D:2)
  4 leopard geckos
  10 orcs
  4 giant cockroaches
  A gnoll zombie (Ossuary)
  13 goblins
  8 hobgoblins
  6 jackals
  4 ball pythons
  6 bats
  2 frilled lizards
  A goblin zombie (Ossuary)
  3 hobgoblin zombies (Ossuary)
  A jackal zombie (Ossuary)
  12 kobolds
  A kobold zombie (Ossuary)
  A leopard gecko skeleton (D:8)
  A leopard gecko zombie (D:5)
  2 orc zombies (Ossuary)
  A quokka skeleton (D:5)
  6 quokka zombies
  7 rats
  4 rat zombies (Ossuary)
227 creatures vanquished.

Vanquished Creatures (collateral kills)
  A spiny frog (Lair:2)
  A komodo dragon (Lair:3)
  A blink frog (Lair:1)
  2 yaks (Lair:2)
  An ogre (D:5)
  A centaur (D:7)
  A scorpion (D:4)
  A killer bee (D:8)
  A howler monkey (D:4)
  An orc priest (D:3)
  A hound (D:7)
  A leopard gecko (D:7)
  An orc (D:3)
  A kobold (D:7)
  A kobold zombie (Ossuary)
16 creatures vanquished.

Vanquished Creatures (others)
  6 fungi
  3 plants
9 creatures vanquished.

Grand Total: 252 creatures vanquished

Notes
Turn   | Place    | Note
-------+----------+-------------------------------------------
     0 | D:1      | erloom the Demonspawn Fire Elementalist began the quest for the Orb.
     0 | D:1      | Reached XP level 1. HP: 13/13 MP: 3/3
   130 | D:1      | Gained mutation: A weak demonic guardian rushes to your aid. [demonic ancestry]
   130 | D:1      | Reached XP level 2. HP: 19/19 MP: 0/5
   773 | D:1      | Gained mutation: You are slightly more attuned to the shadows. [demonic ancestry]
   773 | D:1      | Reached XP level 3. HP: 24/24 MP: 3/6
   970 | D:2      | Learned a level 2 spell: Throw Flame
  1597 | D:2      | Found a white marble altar of Elyvilon.
  1603 | D:2      | Found a burning altar of Makhleb.
  1840 | D:2      | Gained mutation: You are partially covered in rugged brown scales. (AC +1, +3% HP) [demonic ancestry]
  1840 | D:2      | Reached XP level 4. HP: 24/30 MP: 3/7
  1860 | D:2      | Found a blossoming altar of Fedhas.
  2502 | D:3      | Reached skill level 3 in Spellcasting
  2570 | D:3      | Learned a level 3 spell: Conjure Flame
  2727 | D:3      | Found a shadowy altar of Dithmenos.
  2982 | D:3      | Gained mutation: You have sharp toenails. [demonic ancestry]
  2982 | D:3      | Reached XP level 5. HP: 36/36 MP: 2/9
  2995 | D:3      | Found a shattered altar of Ashenzari.
  3135 | D:3      | Found an opulent altar of Gozag.
  3611 | D:4      | Found a sparkling altar of Nemelex Xobeh.
  3990 | D:4      | Reached XP level 6. HP: 42/42 MP: 0/11
  4462 | D:5      | Entered Level 5 of the Dungeon
  4627 | D:5      | Found Douruost's Armour Shoppe.
  4786 | D:5      | Reached skill level 4 in Spellcasting
  4853 | D:5      | Noticed Edmund
  4949 | D:5      | Found an ornate altar of the Wu Jian Council.
  5482 | D:5      | Found a stormy altar of Qazlal.
  5574 | D:6      | Found a sacrificial altar of Ru.
  5616 | D:6      | Found a sand-covered staircase.
  5625 | Ossuary  | Entered an ossuary
  5849 | Ossuary  | Reached XP level 7. HP: 47/47 MP: 5/13
  6174 | Ossuary  | Reached skill level 5 in Fire Magic
  6392 | D:6      | Found an opulent altar of Gozag.
  6459 | D:6      | Noticed Blork the orc
  6477 | D:6      | Killed Blork the orc
  6477 | D:6      | Reached skill level 5 in Spellcasting
  6477 | D:6      | Reached skill level 5 in Conjurations
  7379 | D:7      | Gained mutation: You are significantly more attuned to the shadows. [demonic ancestry]
  7379 | D:7      | Reached XP level 8. HP: 54/54 MP: 4/16
  7500 | D:7      | Found a snail-covered altar of Cheibriados.
  7686 | D:7      | Reached skill level 6 in Spellcasting
  7967 | D:7      | Noticed a hippogriff
  7977 | D:7      | Killed a hippogriff
  8035 | D:7      | Found a bloodstained altar of Trog.
  8200 | D:7      | Found a staircase to the Ecumenical Temple.
  8206 | Temple   | Entered the Ecumenical Temple
  8228 | Temple   | Became a worshipper of Vehumet
  8578 | D:8      | Reached skill level 1 in Fighting
  8637 | D:8      | Found a deep blue altar of Sif Muna.
  8738 | D:8      | Reached skill level 7 in Spellcasting
  8847 | D:8      | Reached XP level 9. HP: 60/60 MP: 14/19
  8946 | D:8      | Reached * piety under Vehumet
  8946 | D:8      | Offered knowledge of Sting by Vehumet.
  8953 | D:8      | Learned a level 4 spell: Sticky Flame
  9089 | D:8      | Noticed a death yak
  9092 | D:8      | Noticed a death yak
  9097 | D:8      | Noticed a death yak
  9283 | D:8      | Reached skill level 1 in Long Blades
  9953 | D:8      | Found a staircase to the Lair.
  9989 | D:8      | Reached skill level 8 in Spellcasting
  9997 | D:8      | Killed a death yak
 10000 | D:8      | Killed a death yak
 10000 | D:8      | Reached XP level 10. HP: 48/67 MP: 19/22
 10011 | D:8      | Killed a death yak
 10408 | D:8      | Learned a level 5 spell: Fireball
 10647 | Lair:1   | Entered Level 1 of the Lair of Beasts
 10952 | Lair:1   | Reached skill level 9 in Spellcasting
 11206 | Lair:1   | Got a distressingly furry robe
 11218 | Lair:1   | Identified the cursed +0 robe of Gravity {+Blink MR++ Regen+ Str+4} (You found it on level 1 of the Lair of Beasts)
 11238 | Lair:1   | Noticed a spiny frog
 11258 | Lair:1   | Killed a spiny frog
 11258 | Lair:1   | Reached skill level 1 in Evocations
 11349 | Lair:1   | Noticed a spiny frog
 11370 | Lair:1   | Killed a spiny frog
 11593 | Lair:1   | Noticed a spiny frog
 11604 | Lair:1   | Killed a spiny frog
 12074 | Lair:2   | Noticed Erica
 12102 | Lair:2   | Noticed a death yak
 12117 | Lair:2   | Noticed a death yak
 12152 | Lair:2   | Killed a death yak
 12215 | Lair:2   | Killed a death yak
 12215 | Lair:2   | Gained mutation: You are mostly covered in rugged brown scales. (AC +2, +5% HP) [demonic ancestry]
 12215 | Lair:2   | Reached XP level 11. HP: 67/74 MP: 8/24
 12383 | Lair:2   | Killed Erica
 12618 | Lair:2   | Reached skill level 10 in Spellcasting
 12846 | Lair:2   | Noticed a four-headed hydra
 12863 | Lair:2   | Killed a four-headed hydra
 12983 | Lair:2   | Found a staircase to the Snake Pit.
 13027 | Lair:2   | Found a staircase to the Swamp.
 13104 | Lair:2   | Reached ** piety under Vehumet
 13105 | Lair:2   | Offered knowledge of Throw Frost by Vehumet.
 13662 | Lair:3   | Noticed a seven-headed hydra
 13704 | Lair:3   | Killed a seven-headed hydra
 13704 | Lair:3   | Reached skill level 5 in Dodging
 14060 | Lair:3   | Noticed a spriggan rider
 14074 | Lair:3   | Mangled by a spriggan rider

Vault maps used:
D:1:      dpeg_arrival_water_temple_mockup, minivault_27
D:2:      overflow_temple_1_default, chequers_temple_overflow_statue_of_worship
D:3:      lemuel_round_altar, nicolae_overflow_crystal_walls, ashenzari_altar_1
D:4:      kennysheep_little_box, first_ration
D:5:      marbit_many_paths, kennysheep_mini_moat, serial_shops,
          nicolae_shop_behind_doors, uniq_edmund
D:6:      nicolae_ru_sacrificial_ziggurat, nicolae_ossuary_entry_monument,
          nicolae_gozag_seed_capital, uniq_blork_the_orc
D:7:      slow_altar_2, lemuel_round_altar, minmay_temple_entry_fiery,
          grunt_ogre_cave
D:8:      led_sif_book, dpeg_lair_monsters, minmay_misc_feat_four_crosses
D:9:      lemuel_round_altar, special_room, st_stairs_5
Temple:   compressed_dpeg_triangle_lava_temple
Lair:2:   minmay_swamp_entry_worms, dummy_snake_entry,
          grunt_forest_small_clearing_treed, uniq_erica
Lair:3:   kb_forest_paths, infiniplex_staircase_pool_2
Ossuary:  minmay_ossuary_two_tombs

Skill      XL: |  1  2  3  4  5  6  7  8  9 10 11 |
---------------+----------------------------------+-----
Fire Magic     | 3 4 5 6 7 8 9 |  9.1
Conjurations   | 2 3 4 5 6 7 9 |  9.0
Spellcasting   | 3 4 5 7 8 9 10 | 10.6
Fighting       | 1 |  1.4
Long Blades    | 2 3 |  3.0
Evocations     | 3 |  3.2
Dodging        | 7 |  7.0
Stealth        | |  1.7

Action                   |  1- 3 |  4- 6 |  7- 9 | 10-12 || total
-------------------------+-------+-------+-------+-------++-------
Melee: Long sword        |       |       |    63 |    11 ||    74
       Kick              |       |       |    17 |     2 ||    19
       Staff             |       |       |     1 |       ||     1
 Cast: Flame Tongue      |    73 |   128 |   222 |   255 ||   678
       Throw Flame       |     4 |    18 |    13 |    19 ||    54
       Conjure Flame     |       |    10 |    28 |    22 ||    60
       Fireball          |       |       |       |     6 ||     6
Evoke: Wand              |       |       |     1 |     4 ||     5
  Use: Scroll            |       |     8 |     6 |    13 ||    27
  Eat: Chunk             |     4 |    10 |     7 |    10 ||    31
       Ration            |       |     1 |     2 |     1 ||     4
Armor: Robe              |     2 |    15 |    48 |    27 ||    92
Dodge: Dodged            |     7 |    16 |    62 |    33 ||   118
       Rpst.: Long sword |       |       |     9 |       ||     9

Table legend:
 A = Spawn XP
 B = Non-spawn XP
 C = Spawn XP percentage of total XP
 D = Spawn monster count
 E = Non-spawn monster count
 F = Spawn count percentage of total count
 G = Total turns spent on level
                    A         B        C        D         E        F      G
               +---------+---------+-------+---------+---------+-------+---------
         Total |       0 |   20494 |   0.0 |       0 |     243 |   0.0 | 14074
               +---------+---------+-------+---------+---------+-------+---------
           D:1 |       0 |      48 |   0.0 |       0 |      21 |   0.0 |   962
           D:2 |       0 |      64 |   0.0 |       0 |      26 |   0.0 |  1189
           D:3 |       0 |      95 |   0.0 |       0 |      20 |   0.0 |  1256
           D:4 |       0 |     229 |   0.0 |       0 |       7 |   0.0 |  1055
           D:5 |       0 |     188 |   0.0 |       0 |      10 |   0.0 |  1060
           D:6 |       0 |     203 |   0.0 |       0 |       8 |   0.0 |   752
           D:7 |       0 |     971 |   0.0 |       0 |      17 |   0.0 |  1334
           D:8 |       0 |    4543 |   0.0 |       0 |      52 |   0.0 |  2117
           D:9 |       0 |     198 |   0.0 |       0 |       3 |   0.0 |   126
        Lair:1 |       0 |    2234 |   0.0 |       0 |       9 |   0.0 |  1194
        Lair:2 |       0 |    7620 |   0.0 |       0 |      24 |   0.0 |  1571
        Lair:3 |       0 |    3658 |   0.0 |       0 |      12 |   0.0 |   662
       Ossuary |       0 |     443 |   0.0 |       0 |      34 |   0.0 |   755
               +---------+---------+-------+---------+---------+-------+---------
